 Dungeon Crawl Stone Soup version 0.28.0-53-g5a82cb258f (webtiles) character file.

Game seed: 15329303490453925044

51 Jerry the Skirmisher (level 3, -7/33 HPs)
             Began as a Hill Orc Fighter on July 4, 2022.
             Succumbed to a kobold's poison
             ... on level 2 of the Dungeon.
             The game lasted 00:02:30 (1724 turns).

Jerry the Skirmisher (Hill Orc Fighter)             Turns: 1724, Time: 00:02:30

Health: -7/33      AC:  6    Str: 18    XL:     3   Next: 81%
Magic:  3/3        EV: 10    Int:  8    God:
Gold:   25         SH:  4    Dex: 12    Spells: 2/2 levels left

rFire   + . .      SeeInvis .   a - +0 war axe
rCold   . . .      Faith    .   c - +0 buckler
rNeg    . . .      Spirit   .   h - +1 ring mail {Will+}
rPois   .          Reflect  .   (no helmet)
rElec   .          Harm     .   (no cloak)
rCorr   .          Rampage  .   (no gloves)
Will    +....                   (no boots)
Stlth   +.........              (no amulet)
HPRegen 0.11/turn               f - ring of protection from fire
MPRegen 0.08/turn               (no ring)

@: lethally poisoned (-7 -> -40)
A: no striking features
a: no special abilities


You were on level 2 of the Dungeon.
You visited 1 branch of the dungeon, and saw 2 of its levels.

You collected 25 gold pieces.

Inventory:

Hand Weapons
 a - a +0 war axe (weapon)
Armour
 c - a +0 buckler (worn)
 h - a +1 ring mail of willpower (worn)
Jewellery
 f - a ring of protection from fire (left hand)
Scrolls
 b - a scroll of identify
 e - a scroll of teleportation {unknown}
Potions
 d - a potion of might
 g - a potion of heal wounds
 i - a potion of mutation {unknown}


   Skills:
 + Level 4.2 Fighting
 + Level 3.5 Axes
 + Level 3.8 Armour
 + Level 3.8 Shields


You had 2 spell levels left.
You didn't know any spells.
Your spell library contained the following spells:

 Spells                   Type           Power      Damage    Failure   Level
 Conjure Flame            Conj/Fire      0%         6-21      96%         3
 Ignite Poison            Fire/Tmut/Pois 0%         N/A       96%         3
 Sticky Flame             Conj/Fire      0%         2d3       100%        4


Dungeon Overview and Level Annotations

Branches:
Dungeon (2/15)

Altars:

Shops:
D:1 [


Message History

You feel very sick.
The kobold hits you with a +2 dagger of venom.
You are more poisoned.
The kobold hits you but does no damage.
You are lethally poisoned!
You hit the kobold but do no damage.
You feel extremely sick. You block the kobold's attack.
You are too injured to fight recklessly!
You are too injured to fight recklessly!
You are too injured to fight recklessly!
You are too injured to fight recklessly!
You are too injured to fight recklessly!
You are too injured to fight recklessly!
You are too injured to fight recklessly!
You are too injured to fight recklessly!
You are too injured to fight recklessly!
You are too injured to fight recklessly!
You are too injured to fight recklessly!
You are too injured to fight recklessly!
You are too injured to fight recklessly!
You are too injured to fight recklessly!
You are too injured to fight recklessly!
You are too injured to fight recklessly!
You are too injured to fight recklessly!
You are too injured to fight recklessly!
You are too injured to fight recklessly!
You barely miss the kobold.
You feel very sick. The kobold hits you but does no damage.
You are more poisoned.
The kobold hits you with a +2 dagger of venom.
You are more poisoned.
You closely miss the kobold.
* * * LOW HITPOINT WARNING * * *
You feel extremely sick. The kobold hits you but does no damage.
You are more poisoned.
You barely miss the kobold.
You die...

### #.# ..# #.# #.# ## #
#K# ..#.#@#
##.#.#.################
......................>#
###.#.#............###.#
#.#.##########.#....
###.#............#.#.#.#
.....<...............#.#
#######.########.#.#.#.#
........# #(#.#.#.#


You could see a kobold.

Vanquished Creatures
  2 adders (D:2)
  2 dart slugs (D:2)
  4 endoplasms
  A giant cockroach (D:1)
  2 goblins (D:1)
  2 hobgoblins (D:1)
  3 jackals (D:1)
  3 ball pythons
  3 bats
  3 frilled lizards (D:1)
  2 kobolds (D:1)
  A rat (D:1)
28 creatures vanquished.

Notes
Turn   | Place    | Note
-------+----------+-------------------------------------------
     0 | D:1      | Jerry the Hill Orc Fighter began the quest for the Orb.
     0 | D:1      | Reached XP level 1. HP: 19/19 MP: 1/1
   122 | D:1      | Reached XP level 2. HP: 25/27 MP: 2/2
   563 | D:1      | Found Dirph's Antique Armour Emporium.
   759 | D:1      | Reached skill level 4 in Fighting
   980 | D:2      | Reached XP level 3. HP: 27/33 MP: 3/3
  1724 | D:2      | Succumbed to a kobold's poison

Illustrated notes

Levels and vault maps discovered:
D:1:      dpeg_arrival_shelter, layout_basic, serial_shops,
          nicolae_shop_behind_doors
D:2:      layout_basic, serial_shops, nicolae_diamond_shop

Skill      XL: |  1  2 |
---------------+-------+-----
Axes           | 3 |  3.5
Fighting       | 4 |  4.2
Armour         | |  3.8
Shields        | |  3.8

Action                   || total
-------------------------++-------
Melee: War axe           ||    73
  Use: Scroll            ||     1
Armor: Scale mail        ||    30
       Ring mail         ||    18
Dodge: Dodged            ||    33
Block: Buckler           ||    15
